 Dungeon Crawl Stone Soup version 0.28-a0-1435-g82390b3a13 (webtiles) character file.

Game seed: 8964338966367469747

10754 ders the Geomancer (level 11, -10/54 HPs)
             Began as a Gargoyle Earth Elementalist on Jan 8, 2022.
             Was a Believer of Vehumet.
             Mangled by a cane toad (12 damage)
             ... on level 2 of the Lair of Beasts on Jan 10, 2022.
             The game lasted 00:18:01 (14698 turns).

ders the Geomancer (Gargoyle Earth Elementalist)   Turns: 14698, Time: 00:18:01

Health: -10/54     AC: 18    Str: 13    XL:     11   Next: 67%
Magic:  12/24      EV: 11    Int: 19    God:    Vehumet [**....]
Gold:   1739       SH:  0    Dex: 10    Spells: 16/29 levels left

rFire   + . .      SeeInvis .   e - +1 dagger (vorpal)
rCold   x . .      Faith    .   (no shield)
rNeg    + . .      Spirit   .   E - +0 steam dragon scales
rPois   ∞          Reflect  .   (no helmet)
rElec   +          Harm     .   z - +0 cloak
rCorr   .          Rampage  .   (no gloves)
Will    .....                   (no boots)
Stlth   ++........              (no amulet)
HPRegen 0.18/turn               q - ring of fire
MPRegen 0.19/turn               l - +4 ring of protection

@: no status effects
A: sickness immunity, AC +8, negative energy resistance 1, electricity
resistance, torment resistance 1, petrification resistance
a: Renounce Religion


You were on level 2 of the Lair of Beasts.
You worshipped Vehumet.
Vehumet was pleased with you.
You visited 3 branches of the dungeon, and saw 12 of its levels.
You also visited: Ossuary.

You collected 2036 gold pieces.
You spent 297 gold pieces at shops.

Inventory:

Hand Weapons
 e - a +1 vorpal dagger (weapon)
Missiles
 c - 124 stones
Armour
 o - the +1 pair of boots of Sif Muna's Whim {Rampage rPois Dex+4}
   (You bought it in a shop on level 5 of the Dungeon)

   Dex:       It affects your dexterity (+4).
   rPois:     It protects you from poison.
   Rampage:   It bestows one free step when moving towards enemies.
 s - a +2 robe of fire resistance
 z - a +0 cloak (worn)
 E - +0 steam dragon scales (worn)
Jewellery
 b - a +4 ring of evasion
 l - a +4 ring of protection (right hand)
 p - an amulet of guardian spirit
 q - a ring of fire (left hand)
 G - an amulet of reflection
Wands
 u - a wand of acid (4)
 A - a wand of polymorph (7)
 D - a wand of digging (6)
 F - a wand of iceblast (4)
Scrolls
 d - 4 scrolls of immolation
 f - 8 scrolls of identify
 h - a scroll of summoning
 j - 2 scrolls of blinking
 k - a scroll of noise
 t - 5 scrolls of enchant armour
 w - a scroll of fear
 y - a scroll of brand weapon
 H - a scroll of enchant weapon
Potions
 a - 5 potions of might
 g - 2 potions of berserk rage {unknown}
 i - 3 potions of invisibility {unknown}
 m - a potion of resistance {unknown}
 n - 3 potions of brilliance {unknown}
 r - 6 potions of curing {unknown}
 v - a potion of flight {unknown}
 x - a potion of haste {unknown}
 B - 2 potions of heal wounds {unknown}
 C - a potion of mutation {unknown}


   Skills:
 - Level 1.5 Dodging
 - Level 2.1 Stealth
 * Level 9.9 Spellcasting
 + Level 10.2 Conjurations
 - Level 0.7 Transmutations
 + Level 3.5 Air Magic
 * Level 13.0 Earth Magic


You had 16 spell levels left.
You knew the following spells:

 Your Spells              Type           Power      Damage    Failure   Level
a - Sandblast             Erth           100%       2d20      1%          1
b - Stone Arrow           Conj/Erth      100%       3d13      1%          3
c - Passwall              Tmut/Erth      29%        N/A       1%          2
d - Swiftness             Air            23%        N/A       5%          3
e - Petrify               Tmut/Erth      35%        N/A       4%          4

Your spell library contained the following spells:

 Spells                   Type           Power      Damage    Failure   Level
 Poisonous Vapours        Pois/Air       32%        N/A       5%          2
 Shock                    Conj/Air       100%       1d9       1%          1
 Static Discharge         Conj/Air       35%        N/A       1%          2
 Conjure Flame            Conj/Fire      43%        6-21      2%          3
 Leda's Liquefaction      Hex/Erth       17%        N/A       4%          4
 Animate Skeleton         Necr           18%        N/A       8%          1
 Pain                     Necr           36%        1d5       8%          1
 Slow                     Hex            36%        N/A       8%          1
 Sticky Flame             Conj/Fire      43%        2d6       9%          4
 Airstrike                Air            11%        N/A       17%         4
 Ignite Poison            Fire/Tmut/Pois 15%        N/A       21%         3
 Call Canine Familiar     Summ           9%         N/A       22%         3
 Confusing Touch          Hex            9%         N/A       22%         3
 Portal Projectile        Hex/Tloc       18%        N/A       22%         3
 Vampiric Draining        Necr           9%         2d6       22%         3
 Dispel Undead            Necr           9%         3d8       58%         4


Dungeon Overview and Level Annotations

Branches:
Dungeon (9/15)             Temple (1/1) D:6            Lair (2/6) D:9
  Snake (0/4) Lair:2      Ossuary (visited)
  Swamp: Lair:2-4    Shoals: Lair:2-4    Spider: Lair:2-4       Orc: D:9-12

Altars:
Ashenzari
Elyvilon
Kikubaaqudgha
Makhleb
Nemelex Xobeh
Sif Muna
Vehumet
Wu Jian
Zin
The Shining One

Shops:
D:5 ??*(   D:6 [

Annotations:
D:3 3 runed translucent doors, oldriver's ghost, weakling DgEE
Lair:2 1 runed translucent door


Innate Abilities, Weirdness & Mutations

You are immune to sickness and miasma.
Your stone body is resilient. (AC +8)
You are immune to poison.
You resist negative energy. (rN+)
You are resistant to electric shocks. (rElec)
You are resistant to unholy torment.
You are immune to petrification.


Message History

The cane toad stings you but does no damage.
The cane toad stings you!
Unknown command.
The cane toad misses you. The cane toad stings you!
The cane toad barely misses you.
The bullfrog hits you but does no damage.
The cane toad barely misses you. The cane toad closely misses you.
Found a stone staircase leading down.
The bullfrog hits you but does no damage. x2
The cane toad stings you but does no damage.
The cane toad barely misses you. The cane toad closely misses you.
The cane toad stings you!
* * * LOW HITPOINT WARNING * * *
The bullfrog swells and bulges.
The naga shouts!
The cane toad closely misses you. x2
The naga spits poison at you.
The splash of poison hits you but does no damage.
You resist. The bullfrog misses you. The cane toad barely misses you.
The cane toad stings you.
* * * LOW HITPOINT WARNING * * *
Casting: Stone Arrow (safe; 1% risk of failure)
Confirm with . or Enter, or press ? or * to list all spells.
Aiming: Passwall (safe; 1% risk of failure)
Press: ? - help, Dir - move target, p - cane toad A rock wall.
The cane toad stings you but does no damage.
You begin to meditate on the wall.
You continue meditating on the rock.
The bullfrog hits you but does no damage.
The cane toad stings you!
* * * LOW HITPOINT WARNING * * *
The cane toad stings you but does no damage.
The bullfrog completely misses you.
The cane toad stings you but does no damage.
You continue meditating on the rock.
The cane toad stings you!
You die...

# ≈≈.≈. ##.................
P.≈..P.P≈#.................
#≈.♣♣.♣♣P≈#.................
#≈≈ ... P≈#.......^.........
... .>. ....###.###PP...#..
.# ... .#...#...###.......
#...##.........#..
#N.............##.
#@F.####...P..#.##
.#####FF.###P.........#
......P........#..≈≈...#
.......†.......P.≈≈≈#.##
.........##..P...#≈≈≈.##
.>........#.......##P.P#
......#..P#......###..##
......#..P#...........P#
.........##....#........


You could see 2 cane toads, a naga (catching breath) and a bullfrog.

Vanquished Creatures
  A hydra (Lair:2)
  A catoblepas (Lair:2)
  A gargoyle (D:9)
  A rime drake (Lair:1)
  3 komodo dragons (Lair:1)
  A polar bear (Lair:2)
  Prince Ribbit (D:6)
  A hornet (D:9)
  2 wyverns (D:7)
  13 yaks
  A steam dragon (D:9)
  Menkaure (D:7)
  11 water moccasins
  An ice beast (D:5)
  3 ogres
  3 black bears (D:9)
  Pargi (D:3)
  3 necrophages
  8 centaurs
  2 kobold brigands
  4 phantoms
  3 bullfrogs (Lair:1)
  3 scorpions
  2 water moccasin skeletons
  3 wights
  A howler monkey (D:7)
  2 centaur zombies
  3 bullfrog zombies
  A gnoll shaman (D:4)
  A human zombie (Ossuary)
  6 orc priests
  4 hounds
  2 bullfrog skeletons (D:5)
  Crazy Yiuf (D:6)
  Jessica (D:3)
  2 iguanas
  5 orc wizards
  A killer bee zombie (D:8)
  A hound skeleton (D:4)
  2 mummies (Ossuary)
  A howler monkey zombie (D:8)
  11 gnolls
  5 adders
  2 white imps
  An ufetubus (D:6)
  A worm (D:2)
  3 dart slugs
  15 orcs
  3 ball pythons
  3 bats
  4 endoplasms
  2 giant cockroaches
  5 gnoll zombies (Ossuary)
  12 goblins
  6 hobgoblins
  4 jackals
  11 kobolds
  6 quokkas
  13 frilled lizards
  2 goblin zombies (Ossuary)
  2 hobgoblin zombies (Ossuary)
  4 orc zombies (Ossuary)
  6 rats
229 creatures vanquished.

Vanquished Creatures (collateral kills)
  An adder (D:5)
1 creature vanquished.

Vanquished Creatures (others)
  40 fungi
  82 plants
122 creatures vanquished.

Grand Total: 352 creatures vanquished

Notes
Turn   | Place    | Note
-------+----------+-------------------------------------------
     0 | D:1      | ders the Gargoyle Earth Elementalist began the quest for
                  | the Orb.
     0 | D:1      | Reached XP level 1. HP: 10/10 MP: 3/3
    31 | D:1      | Found a faded altar of an unknown god.
   408 | D:1      | Reached XP level 2. HP: 15/15 MP: 3/5
   441 | D:1      | Learned a level 2 spell: Passwall
   498 | D:1      | Reached skill level 1 in Conjurations
   545 | D:1      | Reached skill level 4 in Earth Magic
   550 | D:1      | Upgraded the game from 0.28-a0-1429-gf3d713df7a to
                  | 0.28-a0-1435-g82390b3a13
   871 | D:1      | Reached XP level 3. HP: 19/19 MP: 4/6
   878 | D:1      | Learned a level 3 spell: Stone Arrow
  2087 | D:2      | Reached XP level 4. HP: 23/24 MP: 5/8
  2882 | D:3      | Reached XP level 5. HP: 28/28 MP: 7/9
  2943 | D:3      | Reached skill level 5 in Earth Magic
  2999 | D:3      | Found a runed translucent gate.
  2999 | D:3      | Found a runed translucent gate.
  2999 | D:3      | Found a runed translucent gate.
  3108 | D:3      | Noticed Jessica
  3112 | D:3      | Killed Jessica
  3560 | D:3      | Found a white marble altar of Elyvilon.
  3579 | D:3      | Reached XP level 6. HP: 26/32 MP: 0/11
  3750 | D:3      | Noticed Pargi
  3756 | D:3      | Killed Pargi
  4069 | D:3      | Found an ornate altar of the Wu Jian Council.
  4188 | D:3      | Reached skill level 6 in Earth Magic
  4282 | D:3      | Noticed a necrophage
  4286 | D:3      | Killed a necrophage
  4287 | D:3      | Reached XP level 7. HP: 36/36 MP: 3/13
  4533 | D:3      | Found an ancient bone altar of Kikubaaqudgha.
  4598 | D:3      | Noticed oldriver's ghost (weakling DgEE)
  5230 | D:4      | Reached skill level 5 in Conjurations
  5538 | D:4      | Reached skill level 7 in Earth Magic
  5634 | D:4      | Reached XP level 8. HP: 37/41 MP: 6/15
  5993 | D:5      | Entered Level 5 of the Dungeon
  6005 | D:5      | Reached skill level 5 in Spellcasting
  6146 | D:5      | Found a glowing silver altar of Zin.
  6183 | D:5      | Found a sand-covered staircase.
  6188 | Ossuary  | Entered an ossuary
  6805 | D:5      | Found Geluag's Magic Scroll Emporium.
  6806 | D:5      | Found Xerronn's Weapon Emporium.
  6890 | D:5      | Found Zetonki's Assorted Antiques.
  6892 | D:5      | Found Mueco's Magic Scroll Emporium.
  6895 | D:5      | Bought a scroll of teleportation for 36 gold pieces
  6895 | D:5      | Bought a scroll of blinking for 90 gold pieces
  6905 | D:5      | Bought a pair of pitted boots for 171 gold pieces
  6905 | D:5      | Identified the +1 pair of boots of Sif Muna's Whim {Rampage
                  | rPois Dex+4} (You bought it in a shop on level 5 of the
                  | Dungeon)
  6996 | D:5      | Found a broken altar of Ashenzari.
  7408 | D:5      | Reached skill level 8 in Earth Magic
  7886 | D:6      | Noticed Prince Ribbit
  7893 | D:6      | Killed Prince Ribbit
  7894 | D:6      | Reached XP level 9. HP: 43/45 MP: 1/18
  8220 | D:6      | Reached skill level 9 in Earth Magic
  8512 | D:6      | Found a staircase to the Ecumenical Temple.
  8547 | Temple   | Entered the Ecumenical Temple
  8602 | Temple   | Became a worshipper of Vehumet
  8788 | D:6      | Found Giute's Antique Armour Boutique.
  9285 | D:6      | Found a runed translucent door.
  9286 | D:6      | Noticed Crazy Yiuf
  9290 | D:6      | Killed Crazy Yiuf
  9459 | D:7      | Reached skill level 10 in Earth Magic
  9689 | D:7      | Reached XP level 10. HP: 50/50 MP: 14/21
  9916 | D:7      | Learned a level 3 spell: Swiftness
  9948 | D:7      | Noticed Menkaure
  9954 | D:7      | Killed Menkaure
 10056 | D:7      | Found a sparkling altar of Nemelex Xobeh.
 10174 | D:7      | Found a burning altar of Makhleb.
 10392 | D:8      | Reached * piety under Vehumet
 10392 | D:8      | Offered knowledge of Freeze by Vehumet.
 10574 | D:8      | Reached skill level 1 in Air Magic
 10832 | D:8      | Found a glowing golden altar of the Shining One.
 11152 | D:9      | Found a staircase to the Lair.
 11158 | D:9      | Reached skill level 11 in Earth Magic
 11322 | D:9      | Noticed a boulder beetle
 11500 | D:9      | Noticed a gargoyle
 11504 | D:9      | Killed a gargoyle
 12067 | D:9      | Reached ** piety under Vehumet
 12287 | D:9      | Identified a scroll of acquirement
 12287 | D:9      | Acquired 1235 gold pieces
 12374 | Lair:1   | Entered Level 1 of the Lair of Beasts
 12527 | Lair:1   | Learned a level 4 spell: Petrify
 12566 | Lair:1   | Offered knowledge of Poisonous Vapours by Vehumet.
 12571 | Lair:1   | Reached XP level 11. HP: 54/54 MP: 15/24
 12596 | Lair:1   | Reached skill level 12 in Earth Magic
 14349 | Lair:2   | Reached skill level 10 in Conjurations
 14350 | Lair:2   | Found a staircase to the Snake Pit.
 14523 | Lair:2   | Found a runed translucent door.
 14532 | Lair:2   | Identified the +1 plate armour "Plog" {Str+4}
 14587 | Lair:2   | Noticed a catoblepas
 14593 | Lair:2   | Killed a catoblepas
 14660 | Lair:2   | Noticed an eight-headed hydra
 14666 | Lair:2   | Killed an eight-headed hydra
 14667 | Lair:2   | Reached skill level 13 in Earth Magic
 14697 | Lair:2   | HP: 2/54 [cane toad (10)]
 14698 | Lair:2   | Mangled by a cane toad

Illustrated notes

Levels and vault maps discovered:
D:1:      dpeg_arrival_tiny_a, layout_loops_corners,
          hellmonk_ecumenical_altar_run_dry, minmay_lizard_king
D:2:      minmay_chambers_of_ones, layout_loops_ring
D:3:      wad_woods_stonehenge, layout_basic, mainiacjoe_overflow_swirl,
          gammafunk_ghost_icy, uniq_jessica, uniq_pargi
D:4:      layout_basic
D:5:      layout_basic, zin_statuary, nicolae_ashenzari_panopticon,
          serial_curves, eino_curves_04, eino_curves_01, eino_curves_03,
          eino_curves_02, enter_ossuary_2, minmay_shop_grid_forest
D:6:      layout_basic, minmay_temple_entry_gardened_gates, serial_shops, shop,
          uniq_crazy_yiuf_cottage, uniq_prince_ribbit1
D:7:      layout_cave_pools, lemuel_doored_altar, lightli_temple_of_fire,
          uniq_menkaure
D:8:      nicolae_BIG_FREAKIN_CUBE, layout_cave_pools, lemuel_crystal_altar,
          bh_walls_and_bars
D:9:      layout_roguey, xom_confusion_cloud, due_lair_maze_entry_diamond,
          uniq_erolcha
Temple:   minmay_temple_curvy_loop
Lair:1:   layout_cave_pods, serial_bayou_shore_b
Lair:2:   dreamdust_labyrinth, layout_gridlike, guppyfry_snake_entry_garden,
          grunt_megastairs_3, lemuel_fruit_fields, serial_bayou_shore_a

Skill      XL: |  1  2  3  4  5  6  7  8  9 10 11 |
---------------+----------------------------------+-----
Conjurations   | 1 2 3 4 5 7 8 9 10 | 10.2
Earth Magic    | 4 5 6 7 8 10 11 13 | 13.0
Spellcasting   | 3 4 6 7 9 |  9.9
Air Magic      | 2 3 |  3.5
Dodging        | |  1.5
Stealth        | |  2.1
Transmutations | |  0.7

Action                   |  1- 3 |  4- 6 |  7- 9 | 10-12 || total
-------------------------+-------+-------+-------+-------++-------
Melee: Dagger            |     7 |     5 |    13 |    15 ||    40
 Cast: Sandblast         |    60 |    48 |    53 |    46 ||   207
       Passwall          |     1 |       |       |     3 ||     4
       Stone Arrow       |       |    13 |   100 |   134 ||   247
Evoke: Wand              |       |       |       |     5 ||     5
  Use: Scroll            |       |       |     7 |     5 ||    12
 Stab: Distracted        |       |       |       |     1 ||     1
Armor: Robe              |    40 |    14 |    39 |    25 ||   118
       Steam dragon scal |       |       |       |    50 ||    50
Dodge: Dodged            |    72 |    14 |    41 |    72 ||   199

Table legend: (Time is in decaauts)
 A = Elapsed time spent in this place.
 B = Non-inter-level travel time spent in this place.
 C = Inter-level travel time spent in this place.
 D = Time resting spent in this place.
 E = Time spent auto-exploring this place.
 F = Levels seen in this place.
 G = Mean time per level.
                   A        B        C        D        E       F      G
               +--------+--------+--------+--------+--------+-----+--------+
         Total |  14706 |  14248 |    458 |   3634 |   8903 |  13 | 1131.2 |
       Dungeon |  11677 |  11295 |    382 |   2449 |   7464 |   9 | 1297.4 |
        Temple |     88 |     46 |     42 |      0 |     41 |   1 |   88.0 |
          Lair |   2325 |   2291 |     34 |    742 |   1291 |   2 | 1162.5 |
       Ossuary |    614 |    614 |      0 |    443 |    107 |   1 |  614.0 |
               +--------+--------+--------+--------+--------+-----+--------+

Top non-repeatable levels by time:
     D:3: 2060 daAuts
  Lair:1: 1972 daAuts
     D:5: 1443 daAuts
     D:1: 1433 daAuts
     D:2: 1424 daAuts
     D:8: 1251 daAuts
     D:6: 1204 daAuts
     D:4: 1079 daAuts
     D:7: 932 daAuts
     D:9: 848 daAuts
 Ossuary: 614 daAuts
  Lair:2: 352 daAuts
  Temple: 88 daAuts
